 Dungeon Crawl Stone Soup version 0.19-a0-1021-g80cc50c (webtiles) character file.

101 epen the Poker (level 4, -1/37 HPs)
             Began as a Merfolk Chaos Knight on July 27, 2016.
             Killed from afar by Natasha (10 damage)
             ... with a magic dart
             ... on level 2 of the Dungeon.
             The game lasted 00:02:23 (1691 turns).

epen the Poker (Merfolk Chaos Knight)               Turns: 1691, Time: 00:02:24

Health: -1/37      AC:  5    Str: 13    XL:     4   Next: 75%
Magic:  4/4        EV: 13    Int: 11    God:    Xom [.*....]
Gold:   61         SH:  0    Dex: 13    Spells: 0 memorised, 3 levels left

rFire  . . .     SeeInvis .     a - +0 spear (chaos)
rCold  . . .     Gourm    .     b - +2 leather armour
rNeg   . . .     Faith    .     (no shield)
rPois  .         Spirit   .     (no helmet)
rElec  .         Dismiss  .     (no cloak)
rCorr  .         Reflect  .     (no gloves)
SustAt .         Harm     .     (no boots)
MR     .....                    (no amulet)
Stlth  +.........               (no ring)
                                (no ring)

@: very slightly contaminated, not resistant to hostile enchantments, very
unstealthy
A: change form in water, swift swim
a: Renounce Religion


You were on level 2 of the Dungeon.
You worshipped Xom.
You were a plaything of Xom.
You were hungry.

You visited 1 branch of the dungeon, and saw 2 of its levels.

You collected 61 gold pieces.

Inventory:

Hand Weapons
 a - a +0 spear of chaos (weapon)
Armour
 b - a +2 leather armour (worn)
Scrolls
 d - a scroll of magic mapping {unknown}
 j - a scroll of recharging {unknown}
 k - a scroll of enchant weapon {unknown}
 l - a scroll of teleportation {unknown}
 m - a scroll of noise {unknown}
Potions
 e - 3 potions of haste
 g - a potion of agility {unknown}
 h - a potion of cure mutation {unknown}
 i - a potion of lignification {unknown}
 n - a potion of degeneration {unknown}
Comestibles
 c - 2 bread rations
 f - a slice of pizza


   Skills:
 + Level 3.9 Fighting
 * Level 6.1 Polearms
 * Level 1.6 Armour
 + Level 3.1 Dodging


You had 3 spell levels left.
You didn't know any spells.

Dungeon Overview and Level Annotations

Branches:
Dungeon (2/15)

Altars:

Annotations:
D:2 Natasha


Message History

The kobold barely misses you.
Attack whom?
Press: ? - help, Dir - move target cursor, f/p - kobold
Aim: a kobold, wielding a whip (severely wounded)
You hit the kobold but do no damage.
The kobold is severely wounded.
The kobold hits you but does no damage.
You hit the kobold but do no damage.
The kobold seems to slow down.
The kobold is severely wounded.
The kobold hits you with a whip.
* * * LOW HITPOINT WARNING * * *
You hit the kobold. You burn the kobold.
You kill the kobold!
Natasha, Servant of Life and Death comes into view.
Things that are here:
a whip; 2 stones Natasha stares at you and mumbles some strange words.
The magic dart hits you!
You die...
Xom titters!

....#...#.#.#.#.# #.#
................# ..# ###
...##.###.#####... #.#...
...##.###.## #.##.#.#
...##...#..# #......#
...####.##.# #..#
...#....##.# #....#
####.#####.##########h#.#
#.# ###.....)@.........
#.# #....((#######..##.#
#.###.#.#..# #..# .#
#.#.......## #... #
#.#.#.#)#.## #.##
#..........# ###+#######
####.##..#.# #...s.....#
#.#####.## #......b..#
#........# #.........#


You could see Natasha.

Vanquished Creatures
  Natasha (twice) (D:2)
  An adder (D:2)
  2 dart slugs (D:2)
  A giant gecko (D:2)
  4 giant cockroaches
  9 hobgoblins
  A ball python (D:1)
  A bat (D:1)
  A giant newt (D:1)
  3 goblins
  9 kobolds
  5 rats
39 creatures vanquished.

Notes
Turn   | Place    | Note
-------+----------+-------------------------------------------
     0 | D:1      | epen the Merfolk Chaos Knight began the quest for the Orb.
     0 | D:1      | Reached XP level 1. HP: 18/18 MP: 1/1
    36 | D:1      | XOM: divination: detect items
   348 | D:1      | Reached XP level 2. HP: 24/24 MP: 2/2
   351 | D:1      | Reached skill level 5 in Polearms
   822 | D:1      | Reached skill level 1 in Armour
  1017 | D:2      | Reached XP level 3. HP: 29/29 MP: 3/3
  1137 | D:2      | XOM: 6-stop teleportation journey
  1584 | D:2      | XOM: god gift: 28 gold pieces
  1610 | D:2      | Noticed Natasha
  1611 | D:2      | XOM: butterfly on damage
  1630 | D:2      | Killed Natasha
  1630 | D:2      | Reached XP level 4. HP: 16/37 MP: 4/4
  1668 | D:2      | Noticed Natasha
  1678 | D:2      | Killed Natasha
  1678 | D:2      | Reached skill level 6 in Polearms
  1691 | D:2      | Noticed Natasha
  1691 | D:2      | Killed from afar by Natasha

Vault maps used:
D:1:      shiori_arrival_oz, minmay_misc_feat_doors
D:2:      serial_glass, glass_columns_b, glass_columns_a, uniq_natasha

Skill      XL: |  1  2  3  4 |
---------------+-------------+-----
Polearms       | 5 6 |  6.1
Armour         | 1 |  1.6
Dodging        | 3 |  3.1
Fighting       | |  3.9

Action                   |  1- 3 |  4- 6 || total
-------------------------+-------+-------++-------
Melee: Spear             |   135 |    13 ||   148
  Use: Potion            |     2 |       ||     2
 Stab: Sleeping          |     3 |     1 ||     4
       Confused          |     1 |       ||     1
  Eat: Chunk             |     2 |       ||     2
Armor: Leather armour    |    35 |     2 ||    37
Dodge: Dodged            |    48 |     3 ||    51
